 Dungeon Crawl Stone Soup version 0.30-a0-304-gdc4b735fe1 (webtiles) character file.

Game seed: 482005312654970559

84 Caerun the Digger (level 4, 0/24 HPs)
             Began as a Gargoyle Earth Elementalist on Oct 20, 2022.
             Slain by an orc
             ... wielding a +0 whip
              (4 damage)
             ... on level 2 of the Dungeon.
             The game lasted 00:02:27 (1587 turns).

Caerun the Digger (Gargoyle Earth Elementalist)     Turns: 1587, Time: 00:02:27

Health: 0/24       AC:  5    Str: 11    XL:     4   Next: 46%
Magic:  1/8        EV: 12    Int: 18    God:
Gold:   118        SH:  5    Dex: 10    Spells: 7/8 levels left

rFire   . . .      SeeInvis .    d - staff of earth
rCold   . . .      Faith    .    (no shield)
rNeg    + . .      Spirit   .    a - +0 robe
rPois   ∞          Reflect  +    (no helmet)
rElec   +          Harm     .    (no cloak)
rCorr   .          Rampage  .    (no gloves)
Will    .....                    (no boots)
Stlth   ++........               k - amulet of reflection
HPRegen 0.24/turn                (no ring)
MPRegen 0.11/turn                (no ring)

@: no status effects
A: sickness immunity, AC +3, negative energy resistance 1, electricity
resistance, torment resistance 1, petrification resistance
a: no special abilities


You were on level 2 of the Dungeon.
You visited 1 branch of the dungeon, and saw 2 of its levels.

You collected 118 gold pieces.

Inventory:

Armour
 a - a +0 robe (worn)
Magical Staves
 d - a staff of earth (weapon)
Jewellery
 k - an amulet of reflection (around neck)
Scrolls
 e - a scroll of enchant armour {unknown}
 f - a scroll of identify {unknown}
 h - a scroll of torment {unknown}
 i - a scroll of teleportation {unknown}
Potions
 b - a potion of magic
 c - a potion of haste {unknown}
 g - a potion of might {unknown}
 j - a potion of brilliance {unknown}


   Skills:
 + Level 0.2 Fighting
 * Level 0.4 Armour
 + Level 1.8 Dodging
 + Level 2.6 Stealth
 + Level 2.8 Spellcasting
 + Level 0.7 Transmutations
 + Level 5.0 Earth Magic


You had 7 spell levels left.
You knew the following spells:

 Your Spells              Type           Power      Damage    Failure   Level
a - Sandblast             Erth           60%        2d14      2%          1

Your spell library contained the following spells:

 Spells                   Type           Power      Damage    Failure   Level
 Passwall                 Tmut/Erth      15%        N/A       8%          2
 Stone Arrow              Conj/Erth      34%        3d9       19%         3
 Gell's Gravitas          Tloc           2%         N/A       45%         3
 Lesser Beckoning         Tloc           4%         N/A       45%         3
 Teleport Other           Tloc           2%         N/A       45%         3
 Petrify                  Tmut/Erth      19%        N/A       45%         4


Dungeon Overview and Level Annotations

Branches:
Dungeon (2/15)

Altars:
Gozag


Innate Abilities, Weirdness & Mutations

You are immune to sickness and miasma.
Your stone body is resilient. (AC +3)
You are immune to poison.
You resist negative energy. (rN+)
You are resistant to electric shocks. (rElec)
You are resistant to unholy torment.
You are immune to petrification.


Message History

The orc closely misses you.
Casting: Sandblast (safe; 2% risk of failure)
Confirm with . or Enter, or press ? or * to list all spells.
Aiming: Sandblast (safe; 2% risk of failure)
Press: ? - help, Shift-Dir - straight line, f/p - orc
Aim: an orc, wielding a +0 whip and wearing a +0 ring mail (severely wounded, 86% to hit)
You feel a surge of power!
The blast of sand hits the orc!
You kill the orc!
Casting: Sandblast (safe; 2% risk of failure)
Confirm with . or Enter, or press ? or * to list all spells.
Aiming: Sandblast (safe; 2% risk of failure)
Press: ? - help, Shift-Dir - straight line, f - orc
Aim: an orc, wielding a +0 whip and wearing a +0 leather armour (84% to hit)
You feel a surge of power!
The blast of sand hits the orc.
The orc is lightly wounded.
The orc barely misses you. You block the orc's attack.
You barely miss the orc.
The orc is lightly wounded.
You block the orc's attack.
You hit the orc but do no damage.
The orc is lightly wounded.
The orc hits you but does no damage.
Okay, then.
You hit the orc but do no damage.
The orc is lightly wounded.
The orc hits you but does no damage. The orc hits you with a +0 whip.
* * * LOW HITPOINT WARNING * * *
You hit the orc but do no damage.
The orc is lightly wounded.
The orc barely misses you.
You hit the orc.
The orc is moderately wounded.
You block the orc's attack.
You completely miss the orc.
The orc is moderately wounded.
The orc hits you but does no damage.
You hit the orc but do no damage.
The orc is moderately wounded.
The orc hits you with a +0 whip.
You die...

#.......#...#.#
#......o'...#.#
#.......# #.#
##)########.#
#...##......#
#8.8##.######
#.o.##.#
##o###.#
#@###.# #.....#
#######


You could see 2 orcs.

Vanquished Creatures
  An orc wizard (D:2)
  2 adders (D:2)
  A worm (D:2)
  3 orcs (D:2)
  7 bats
  4 endoplasms
  A giant cockroach (D:2)
  3 goblins
  3 hobgoblins
  2 kobolds
  A quokka (D:2)
  3 ball pythons
  4 frilled lizards
  A rat (D:2)
36 creatures vanquished.

Vanquished Creatures (others)
  A plant (D:1)
1 creature vanquished.

Grand Total: 37 creatures vanquished

Notes
Turn   | Place    | Note
-------+----------+-------------------------------------------
     0 | D:1      | Caerun the Gargoyle Earth Elementalist began the quest for
                  | the Orb.
     0 | D:1      | Reached XP level 1. HP: 10/10 MP: 3/3
   136 | D:1      | Found a faded altar of an unknown god.
   144 | D:1      | Reached XP level 2. HP: 15/15 MP: 1/5
   483 | D:1      | Reached skill level 4 in Earth Magic
  1249 | D:2      | Reached XP level 3. HP: 19/19 MP: 3/6
  1343 | D:2      | Found an opulent altar of Gozag.
  1561 | D:2      | Found the +1 Delatra's gloves {ID++}
  1568 | D:2      | Reached XP level 4. HP: 21/24 MP: 5/8
  1578 | D:2      | Reached skill level 5 in Earth Magic
  1587 | D:2      | Slain by an orc

Illustrated notes

Levels and vault maps discovered:
D:1:      minmay_arrival_stair_chambers, layout_basic,
          shapermc_ecumenical_altar_gd
D:2:      minmay_recursive_quarters, layout_rooms, basic_altar,
          pf_guarded_unrand_delatra

Skill      XL: |  1  2  3  4 |
---------------+-------------+-----
Earth Magic    | 4 5 |  5.0
Fighting       | |  0.2
Armour         | |  0.4
Dodging        | |  1.8
Stealth        | |  2.6
Spellcasting   | |  2.8
Transmutations | |  0.7

Action                   |  1- 3 |  4- 6 || total
-------------------------+-------+-------++-------
Melee: Unarmed           |     5 |       ||     5
       Staff             |     5 |     9 ||    14
 Cast: Sandblast         |    41 |     7 ||    48
Armor: Robe              |     9 |     5 ||    14
Dodge: Dodged            |    19 |     8 ||    27
Block: Other             |       |     4 ||     4

Table legend: (Time is in decaauts)
 A = Elapsed time spent in this place.
 B = Non-inter-level travel time spent in this place.
 C = Inter-level travel time spent in this place.
 D = Time resting spent in this place.
 E = Time spent auto-exploring this place.
 F = Levels seen in this place.
 G = Mean time per level.
                   A        B        C        D        E       F      G
               +--------+--------+--------+--------+--------+-----+--------+
         Total |   1612 |   1558 |     54 |      0 |   1321 |   2 |  806.0 |
       Dungeon |   1612 |   1558 |     54 |      0 |   1321 |   2 |  806.0 |
               +--------+--------+--------+--------+--------+-----+--------+

Top non-repeatable levels by time:
     D:1: 1233 daAuts
     D:2: 379 daAuts
